 Dungeon Crawl Stone Soup version 0.30-a0-242-g7bf8e6d787 (webtiles) character file.

Game seed: 10858331147940119578

32050 bande the Cleaver (level 13, -3/66 HPs)
             Began as a Gargoyle Fighter on Oct 12, 2022.
             Was the Champion of Okawaru.
             Slain by a minotaur
             ... wielding the +9 scimitar of Dung {venom, Fly Str+2}
              (27 damage)
             ... in a Gauntlet.
             The game lasted 00:35:49 (17884 turns).

bande the Cleaver (Gargoyle Fighter)               Turns: 17884, Time: 00:35:49

Health: -3/66      AC: 38    Str: 15      XL:     13   Next: 62%
Magic:  0/19       EV:  5    Int:  8 (11) God:    Okawaru [******]
Gold:   836        SH:  5    Dex:  9      Spells: 12/12 levels left

rFire   x x .      SeeInvis +    l - +3 war axe (elec)
rCold   + . .      Faith    .    c - +0 buckler
rNeg    + + .      Spirit   +    j - +0 plate armour
rPois   ∞          Reflect  .    S - +1 helmet {SInv}
rElec   +          Harm     .    e - +1 cloak
rCorr   .          Rampage  +    a - +2 pair of gloves
Will    .....      Clarity  +    E - +0 pair of boots {rampage}
Stlth   .......... NoTele   +    x - amulet of guardian spirit
HPRegen 0.31/turn                i - +4 ring of protection
MPRegen 0.16/turn                u - ring of positive energy

@: mighty, brilliant
A: sickness immunity, AC +9, negative energy resistance 1, electricity
resistance, torment resistance 1, petrification resistance, talons 1, clarity,
cold resistance 1, passive freeze, [berserk 2], [clumsy 2], [frail 2],
[screaming 2], [weak 2], [heat vulnerability 2], [subdued magic 3]
a: Renounce Religion, Heroism, Finesse, Duel


You were in a Gauntlet.
You worshipped Okawaru.
Okawaru was exalted by your worship.
You visited 3 branches of the dungeon, and saw 16 of its levels.
You also visited: Sewer and Gauntlet.

You collected 966 gold pieces.
You spent 130 gold pieces at shops.

Inventory:

Hand Weapons
 l - a +3 war axe of electrocution (weapon)
 A - a +0 war axe of electrocution
 K - a +3 morningstar
Missiles
 f - a throwing net (quivered)
Armour
 a - a +2 pair of gloves (worn)
 c - a +0 buckler (worn)
 e - a +1 cloak (worn)
 j - a +0 plate armour (worn)
 E - a +0 pair of boots of rampaging (worn)
 I - a +2 ring mail of cold resistance
 J - a +0 hat
 S - a +1 helmet of see invisible (worn)
Jewellery
 i - a +4 ring of protection (left hand)
 u - a ring of positive energy (right hand)
 x - an amulet of guardian spirit (around neck)
 B - the ring of Yhitrirupy {+Blink rElec rPois Will- Str+6}
   (You bought it in a shop on level 5 of the Dungeon)

   [ring of strength]

   Str:       It affects your strength (+6).
   rElec:     It insulates you from electricity.
   rPois:     It protects you from poison.
   +Blink:    It lets you blink.
   Will:      It decreases your willpower.
 F - an amulet of reflection
 H - a +6 ring of intelligence
 N - an amulet of regeneration
 R - a ring of positive energy
 T - an amulet of faith
Wands
 C - a wand of polymorph (14)
 D - a wand of flame (26)
 G - a wand of light (13)
 L - a wand of iceblast (9)
 M - a wand of digging (3)
Scrolls
 b - 4 scrolls of teleportation
 n - 4 scrolls of enchant armour
 s - 5 scrolls of fog
 t - 8 scrolls of identify
 v - 2 scrolls of magic mapping
 y - a scroll of poison
 z - 2 scrolls of amnesia
 O - a scroll of blinking
 P - a scroll of fear
Potions
 d - a potion of might
 g - 9 potions of heal wounds
 h - 2 potions of invisibility
 k - a potion of resistance
 m - 7 potions of cancellation
 o - 8 potions of curing
 p - 2 potions of magic
 q - 3 potions of brilliance
 r - 7 potions of mutation
 w - 4 potions of haste
 Q - a potion of flight


   Skills:
 + Level 10.6 Fighting
 + Level 13.4 Axes
 + Level 11.2 Armour
 + Level 7.4 Shields
 * Level 8.0 Invocations
 * Level 6.8 Evocations


You had 12 spell levels left.
You didn't know any spells.
Your spell library contained the following spells:

 Spells                   Type           Power      Damage    Failure   Level
 Necrotise                Necr           0%         1d4       100%        1
 Ensorcelled Hibernation  Hex/Ice        0%         N/A       100%        2
 Static Discharge         Conj/Air       0%         2-2/arc   100%        2
 Hailstorm                Conj/Ice       0%         3d3       100%        3
 Ignite Poison            Fire/Tmut/Pois 0%         N/A       100%        3
 Kindle Blastsparks       Fire/Tloc/Air  0%         2d10      100%        3
 Portal Projectile        Hex/Tloc       0%         N/A       100%        3
 Spider Form              Tmut/Pois      0%         N/A       100%        3
 Vampiric Draining        Necr           0%         2d6       100%        3
 Vhi's Electric Charge    Tloc/Air       0%         N/A       100%        3
 Anguish                  Hex/Necr       0%         N/A       100%        4
 Fulminant Prism          Conj/Hex       0%         3d6       100%        4
 Ice Form                 Ice/Tmut       0%         N/A       100%        4
 Iskenderun's Mystic Bla  Conj/Tloc      0%         2d3       100%        4
 Leda's Liquefaction      Hex/Erth       0%         N/A       100%        4
 Agony                    Necr           0%         N/A       100%        5
 Arcjolt                  Conj/Air       0%         1d10      100%        5
 Blade Hands              Tmut           0%         N/A       100%        5
 Freezing Cloud           Conj/Ice/Air   0%         6-21      100%        5
 Lee's Rapid Deconstruct  Erth           0%         3d5*      100%        5
 Lightning Bolt           Conj/Air       0%         1d11      100%        5
 Conjure Ball Lightning   Conj/Air       0%         3x3d6     100%        6
 Discord                  Hex            0%         N/A       100%        8
 Disjunction              Tloc           0%         N/A       100%        8
 Tukima's Dance           Hex            Unusable   N/A       N/A         3
 Simulacrum               Ice/Necr       Unusable   N/A       N/A         6
 Statue Form              Tmut/Erth      Unusable   N/A       N/A         6

Dungeon Overview and Level Annotations

Branches:
Dungeon (10/15)            Temple (1/1) D:7            Lair (5/5) D:10
 Shoals (0/4) Lair:3       Spider (0/4) Lair:3        Sewer (visited)
Gauntlet (1/1)
  Slime: Lair:4-5       Orc: D:9-12

Altars:
Ashenzari
Dithmenos
Elyvilon
Fedhas
Gozag
Hepliaklqana
Kikubaaqudgha
Makhleb
Nemelex Xobeh
Okawaru
Qazlal
Ru
Sif Muna
Trog
Vehumet
Wu Jian
Xom
Yredelemnul
Zin
The Shining One

Shops:
D:2 !   D:5 *

Portals:
Abyss: Lair:3

Annotations:
Lair:1 2 transporters, KennySheep's ghost, novice DgTm
Lair:3 2 transporters, exclusion: oklob plant, oldmanjim's ghost, journeyman DjFE
Lair:4 exclusion: oklob plant
Lair:5 Josephine Gauntlet 1 transporter, exclusion: orange crystal statue


Innate Abilities, Weirdness & Mutations

You are immune to sickness and miasma.
Your stone body is resilient. (AC +9)
You are immune to poison.
You resist negative energy. (rN+)
You are resistant to electric shocks. (rElec)
You are resistant to unholy torment.
You are immune to petrification.
You have sharp toenails.
You possess an exceptional clarity of mind.
Your flesh is cold resistant. (rC+)
A frigid envelope surrounds you and freezes all who hurt you.
[You have an uncontrollable temper.]
[You are very clumsy. (Dex -4)]
[You are very frail. (-20% HP)]
[You frequently scream uncontrollably at your foes.]
[You are very weak. (Str -4)]
[You are very vulnerable to heat. (rF--)]
[Your spells are much easier to cast, but much less powerful.]


Message History

The minotaur is very cold.
The minotaur is moderately wounded.
The minotaur gores you but does no damage.
The minotaur is very cold.
The minotaur is moderately wounded.
You completely miss the minotaur.
The minotaur furiously retaliates!
The minotaur headbutts you!
The minotaur is moderately wounded.
You block the minotaur's attack. x2
Unknown command.
You hit the minotaur but do no damage.
The minotaur is moderately wounded.
The minotaur barely misses you. You block the minotaur's attack.
The minotaur blocks your attack.
The minotaur is moderately wounded.
The minotaur hits you with the +9 scimitar of Dung {venom, Fly Str+2}!!
* * * LOW HITPOINT WARNING * * *
The minotaur is very cold.
The minotaur is moderately wounded.
The minotaur gores you but does no damage.
The minotaur is very cold.
The minotaur is heavily wounded.
The minotaur blocks your attack.
The minotaur is heavily wounded.
The minotaur hits you with the +9 scimitar of Dung {venom, Fly Str+2}!
* * * LOW HITPOINT WARNING * * *
The minotaur is very cold.
The minotaur is heavily wounded.
The minotaur gores you.
* * * LOW HITPOINT WARNING * * *
The minotaur is very cold.
The minotaur is heavily wounded.
You feel much better.
The minotaur hits you with the +9 scimitar of Dung {venom, Fly Str+2}.
The minotaur is very cold.
The minotaur is severely wounded.
You block the minotaur's attack.
You feel clever all of a sudden.
The minotaur hits you with the +9 scimitar of Dung {venom, Fly Str+2}!!
You die...

####...≈# .......#
########
....8§####.##...#
.....§§##..##.#.#
###...##......#.#
..#...#....##.#.#
#[#...#.8©.##...# +###
..#...#....##.#.##.⌠..#
.©#.8.#.8©....#.@H...⌠+
..#...#....##.#.##∩...#
#.#...#.8©.##...# .⌠.#
..#...#....##.#.# +##
###...##......#.#
......≈##..##.#.#
....8.####.##...#
.......# ########
####...≈#


You could see a minotaur.

Vanquished Creatures
  A hydra (Lair:5)
  2 two-headed ogres
  A catoblepas (Lair:3)
  A tengu warrior (D:9)
  A centaur warrior (D:9)
  A hell hog (Gauntlet)
  A wretched star (Gauntlet)
  An ugly thing (D:9)
  A manticore (D:9)
  A cyclops (D:9)
  A black mamba (Lair:4)
  5 elephants (Lair:4)
  9 cane toads
  A rime drake (Lair:3)
  5 komodo dragons
  A troll (D:9)
  3 hornets
  4 slime creatures
  5 blink frogs (Lair:3)
  3 vampires
  A shadow (D:9)
  8 spriggans (Lair:5)
  A wraith (D:9)
  23 yaks
  5 wyverns
  2 culicivoras (Lair:3)
  2 basilisks
  A neqoxec (Gauntlet)
  2 fire bats (Gauntlet)
  2 vampire mosquitoes (D:9)
  Menkaure (D:4)
  An acid dragon (D:9)
  9 water moccasins
  A hell hound (Gauntlet)
  2 black bears
  8 orc warriors
  3 ice beasts
  3 sky beasts
  7 centaurs
  4 ogres
  28 wolves
  2 boggarts (Lair:5)
  A phantom (D:6)
  9 kobold brigands
  11 bullfrogs
  A gnoll sergeant (D:8)
  Blork the orc (D:6)
  A small abomination (Gauntlet)
  2 necrophages
  2 scorpions (D:5)
  7 wights
  13 killer bees
  4 howler monkeys
  2 jellies
  4 hounds
  9 orc priests
  A gnoll bouda (D:5)
  Natasha (thrice) (D:3)
  6 iguanas
  19 orc wizards
  A hell rat (Lair:5)
  6 gnolls
  11 adders
  3 shadow imps
  2 white imps
  3 ufetubi
  3 worms
  A dart slug (D:2)
  40 orcs
  7 endoplasms
  5 giant cockroaches
  6 goblins
  6 hobgoblins
  3 jackals (D:4)
  5 quokkas
  8 ball pythons
  4 bats
  5 frilled lizards
  30 kobolds
  9 rats
  A butterfly (D:5)
419 creatures vanquished.

Vanquished Creatures (collateral kills)
  An adder (D:4)
1 creature vanquished.

Vanquished Creatures (others)
  5 fungi
  11 plants
  25 withered plants (Gauntlet)
41 creatures vanquished.

Grand Total: 461 creatures vanquished

Notes
Turn   | Place    | Note
-------+----------+-------------------------------------------
     0 | D:1      | bande the Gargoyle Fighter began the quest for the Orb.
     0 | D:1      | Reached XP level 1. HP: 14/14 MP: 1/1
   261 | D:1      | Reached XP level 2. HP: 17/19 MP: 2/2
   339 | D:1      | Reached skill level 2 in Axes
   715 | D:1      | Reached XP level 3. HP: 21/24 MP: 3/3
  1012 | D:2      | Reached XP level 4. HP: 25/29 MP: 4/4
  1262 | D:2      | Reached skill level 3 in Axes
  1451 | D:2      | Found Sugaron's Distillery.
  1594 | D:3      | Noticed Natasha
  1598 | D:3      | Found a white marble altar of Elyvilon.
  1607 | D:3      | Killed Natasha
  1608 | D:3      | Reached XP level 5. HP: 25/33 MP: 5/5
  1609 | D:3      | Noticed Natasha
  1616 | D:3      | Killed Natasha
  1644 | D:3      | Noticed Natasha
  1659 | D:3      | Killed Natasha
  1663 | D:3      | Found a sacrificial altar of Ru.
  1714 | D:3      | Found a glowing drain.
  1718 | Sewer    | Entered a sewer
  1756 | Sewer    | Noticed a kobold brigand
  1756 | Sewer    | Noticed a kobold brigand
  1756 | Sewer    | Noticed a kobold brigand
  1761 | Sewer    | Killed a kobold brigand
  1762 | Sewer    | Reached skill level 4 in Axes
  1762 | Sewer    | Reached XP level 6. HP: 36/39 MP: 6/6
  1861 | Sewer    | Reached skill level 5 in Axes
  1861 | Sewer    | Reached XP level 7. HP: 43/44 MP: 7/7
  2024 | Sewer    | Reached skill level 5 in Fighting
  2306 | D:3      | Found a faded altar of an unknown god.
  2687 | D:3      | Reached skill level 6 in Axes
  2979 | D:4      | Reached skill level 5 in Armour
  3061 | D:4      | Reached XP level 8. HP: 46/49 MP: 8/8
  3434 | D:4      | Noticed Menkaure
  3439 | D:4      | Killed Menkaure
  3613 | D:4      | Reached skill level 7 in Axes
  3727 | D:4      | Found a bloodstained altar of Trog.
  3765 | D:5      | Entered Level 5 of the Dungeon
  3770 | D:5      | Gained mutation: Armour fits poorly on your strangely
                  | shaped body. [potion of mutation]
  3770 | D:5      | Gained mutation: [You are weak. (Str -2)] [potion of
                  | mutation]
  3770 | D:5      | Gained mutation: You are dopey. (Int -2) [potion of
                  | mutation]
  3770 | D:5      | Gained mutation: Your flesh is cold resistant. (rC+)
                  | [potion of mutation]
  3771 | D:5      | Lost mutation: Armour fits poorly on your strangely shaped
                  | body. [potion of mutation]
  3771 | D:5      | Lost mutation: [You are weak. (Str -2)] [potion of
                  | mutation]
  3771 | D:5      | Lost mutation: You are dopey. (Int -2) [potion of mutation]
  3771 | D:5      | Gained mutation: A frigid envelope surrounds you and
                  | freezes all who hurt you. [potion of mutation]
  3771 | D:5      | Gained mutation: You possess an exceptional clarity of
                  | mind. [potion of mutation]
  3771 | D:5      | Gained mutation: You have sharp toenails. [potion of
                  | mutation]
  3860 | D:5      | Identified the +4 trident of Miylil {holy, rF- Will+ Int+4}
  3903 | D:5      | Found a shimmering altar of Xom.
  4007 | D:5      | Found Orghuad's Assorted Antiques.
  4021 | D:5      | Bought a heavily runed lapis lazuli ring for 130 gold
                  | pieces
  4021 | D:5      | Identified the ring of Yhitrirupy {+Blink rElec rPois Will-
                  | Str+6} (You bought it in a shop on level 5 of the Dungeon)
  4285 | D:5      | Identified the +4 great mace "Sarcophage" {speed, rC+
                  | Dex+3}
  4337 | D:5      | Reached XP level 9. HP: 50/55 MP: 9/9
  4406 | D:5      | Reached skill level 5 in Shields
  4797 | D:6      | Reached skill level 8 in Axes
  5313 | D:6      | Noticed Blork the orc
  5327 | D:6      | Killed Blork the orc
  5530 | D:5      | Reached skill level 9 in Axes
  5836 | D:6      | Found a basalt altar of Yredelemnul.
  5836 | D:6      | Found an opulent altar of Gozag.
  5922 | D:7      | Reached XP level 10. HP: 63/63 MP: 10/10
  5974 | D:7      | Identified the +5 mace of Giptydae {elec, rCorr Int+4 Dex-4
                  | SInv}
  6032 | D:7      | Reached skill level 1 in Evocations
  6312 | D:7      | Found a staircase to the Ecumenical Temple.
  6361 | Temple   | Entered the Ecumenical Temple
  6377 | Temple   | Became a worshipper of Warmaster Okawaru
  6768 | D:7      | Reached skill level 1 in Invocations
  7063 | D:8      | Noticed a two-headed ogre
  7073 | D:8      | Killed a two-headed ogre
  7073 | D:8      | Reached * piety under Okawaru
  7074 | D:8      | Reached skill level 10 in Axes
  7984 | D:8      | Reached ** piety under Okawaru
  8404 | D:9      | Noticed a two-headed ogre
  8410 | D:9      | Killed a two-headed ogre
  8411 | D:9      | Reached XP level 11. HP: 48/69 MP: 9/13
  8826 | D:9      | Reached *** piety under Okawaru
  8874 | D:9      | Found a sacrificial altar of Ru.
  8932 | D:9      | Reached skill level 11 in Axes
  8998 | D:9      | Noticed a centaur warrior
  8998 | D:9      | Noticed a tengu warrior
  8998 | D:9      | Noticed a manticore
  8998 | D:9      | Noticed a cyclops
  8998 | D:9      | Noticed a white ugly thing
  9449 | D:9      | Reached **** piety under Okawaru
  9570 | D:9      | Found an ornate altar of the Wu Jian Council.
  9624 | D:9      | Killed a tengu warrior
  9734 | D:9      | Killed a white ugly thing
 10127 | D:9      | Found a glowing silver altar of Zin.
 10231 | D:9      | Found a shimmering blue altar of Sif Muna.
 10376 | D:9      | Reached skill level 5 in Invocations
 10376 | D:9      | Reached ***** piety under Okawaru
 10475 | D:9      | Killed a manticore
 10544 | D:9      | Killed a cyclops
 10857 | D:9      | Identified the +1 robe of Elitism {rF+}
 10864 | D:9      | Killed a centaur warrior
 10865 | D:9      | Reached XP level 12. HP: 54/76 MP: 9/16
 11497 | D:10     | Entered Level 10 of the Dungeon
 11820 | D:10     | Found a staircase to the Lair.
 11845 | D:10     | Reached skill level 5 in Evocations
 12496 | Lair:1   | Entered Level 1 of the Lair of Beasts
 12751 | Lair:1   | Noticed KennySheep's ghost (novice DgTm)
 12753 | Lair:1   | Found a transporter.
 12755 | Lair:1   | Found a transporter.
 12926 | Lair:1   | Reached skill level 12 in Axes
 12933 | Lair:1   | Identified the +1 leather armour "Ydachiuge" {rElec rF++
                  | Regen+ Stlth-}
 13525 | Lair:2   | Received a gift from Okawaru
 13758 | Lair:2   | Reached skill level 10 in Armour
 14551 | Lair:3   | Found a one-way gate to the infinite horrors of the Abyss.
 14551 | Lair:3   | Noticed oldmanjim's ghost (journeyman DjFE)
 14551 | Lair:3   | Noticed a cacodemon
 14838 | Lair:3   | Found a staircase to the Shoals.
 14851 | Lair:3   | Found a transporter.
 14903 | Lair:3   | Found a hole to the Spider Nest.
 14968 | Lair:3   | Reached skill level 10 in Fighting
 15142 | Lair:3   | Found a transporter.
 15238 | Lair:3   | Noticed a catoblepas
 15246 | Lair:3   | Killed a catoblepas
 15247 | Lair:3   | Reached XP level 13. HP: 69/82 MP: 14/18
 15878 | Lair:4   | Reached skill level 13 in Axes
 16765 | Lair:5   | Entered Level 5 of the Lair of Beasts
 16863 | Lair:5   | Reached ****** piety under Okawaru
 16868 | Lair:5   | Received a gift from Okawaru
 16871 | Lair:5   | Noticed Josephine
 16892 | Lair:5   | Found a gate leading to a gauntlet.
 16897 | Gauntlet | Entered a Gauntlet
 16897 | Gauntlet | Found a transporter.
 17249 | Gauntlet | Found a transporter.
 17276 | Gauntlet | Found a transporter.
 17284 | Gauntlet | Received a gift from Okawaru
 17473 | Gauntlet | Found a transporter.
 17588 | Gauntlet | Noticed a dire elephant
 17589 | Gauntlet | Identified the +2 barding of Absolutism {Will+}
 17606 | Gauntlet | Found a transporter.
 17874 | Gauntlet | Identified the +9 scimitar of Dung {venom, Fly Str+2}
 17874 | Gauntlet | Noticed a minotaur
 17882 | Gauntlet | HP: 1/66 [minotaur/the +9 scimitar of Dung {venom, Fly
                  | Str+2} (3)]
 17884 | Gauntlet | Slain by a minotaur

Illustrated notes

Levels and vault maps discovered:
D:1:      shiori_arrival_elements, layout_basic
D:2:      layout_loops_cross, serial_shops, shop_statue
D:3:      layout_rooms, nicolae_ru_great_annihilating_truth,
          amcnicky_altar_gilded, gup_sewer_entry_bowl,
          shapermc_ecumenical_altar_starsandcircs, supply_closet_lemuel,
          hangedman_abyss_or_decor_lesser_grid, uniq_natasha
D:4:      layout_cave_pools, general_overflow_altar, uniq_menkaure
D:5:      layout_basic, xom_butterflies, serial_shops, nicolae_diamond_shop,
          minmay_quadrilaterals
D:6:      layout_rooms, mainiacjoe_overflow_divided_tiny, uniq_blork_the_orc
D:7:      layout_gridville, temple_hall, kennysheep_nub, eino_jars
D:8:      layout_basic, kennysheep_dice
D:9:      minmay_the_grid_octo_2x2 [minmay_the_grid_octo_vomiting_pacman,
          minmay_the_grid_octo_pinwheel, minmay_the_grid_octo_concentric,
          minmay_the_grid_octo_prize_big_c], layout_loops_corners,
          nicolae_wu_jian_glorious_leap, kennysheep_orc_sif_temple,
          kennysheep_mini, roderic_serpentine_path,
          dreamdust_deal_with_the_devil, minivault_25
D:10:     layout_stronghold, lair_entry_dummy
Temple:   nicolae_temple_ecumenical_triangle
Lair:1:   layout_cellular_growth, serial_rivers, chequers_serial_rivers_small_b,
          chequers_serial_rivers_micro_c, chequers_serial_rivers_micro_b,
          chequers_serial_rivers_marsh, chequers_serial_rivers_large_a,
          gammafunk_ghost_hive, beast_lair_carwin_11
Lair:2:   layout_cave_pods
Lair:3:   layout_cave_pods, minmay_shoals_entry_centaurs,
          hellmonk_spider_entry_life_and_decay, gammafunk_ghost_abyssal_escape,
          columned_hall_lemuel, minmay_lair_oklob_items,
          infiniplex_staircase_pool
Lair:4:   layout_cave_pods, minmay_slime_entry_oklob_enclosed,
          serial_bayou_pond_c, lemuel_fruit_tree, grunt_megastairs_1
Lair:5:   minmay_lair_end_enchanted_forest, layout_cave_pods,
          gauntlet_entry_generic, uniq_josephine
Gauntlet: minmay_gauntlet_mixed_oops_all_seconds
          [minmay_gauntlet_arena_77_block_sizes, gammafunk_gauntlet_arena_grid,
          minmay_gauntlet_arena_77_chump_sandwich,
          gammafunk_gauntlet_arena_hedges, minmay_gauntlet_arena_77_mirror,
          nicolae_gauntlet_swirl, gauntlet_exit_hidden_loot]

Skill      XL: |  1  2  3  4  5  6  7  8  9 10 11 12 13 |
---------------+----------------------------------------+-----
Axes           | 2 3 4 5 6 7 9 10 11 12 13 | 13.4
Fighting       | 4 5 6 7 8 9 10 | 10.6
Armour         | 4 5 6 7 8 9 10 11 | 11.2
Shields        | 4 5 6 7 |  7.4
Evocations     | 3 4 6 |  6.8
Invocations    | 3 5 7 8 |  8.0

Action                   |  1- 3 |  4- 6 |  7- 9 | 10-12 | 13-15 || total
-------------------------+-------+-------+-------+-------+-------++-------
Melee: War axe           |    90 |    94 |   232 |   409 |   122 ||   947
       Kick              |       |       |    16 |    85 |       ||   101
       Morningstar       |       |       |       |       |     4 ||     4
  Use: Scroll            |       |     5 |    15 |     8 |     1 ||    29
       Potion            |       |       |     2 |       |     3 ||     5
 Stab: Paralysed         |       |       |     1 |       |       ||     1
       Distracted        |       |       |     1 |       |       ||     1
Armor: Scale mail        |    23 |       |       |       |       ||    23
       Plate armour      |    39 |    97 |   203 |   337 |   159 ||   835
Dodge: Dodged            |    34 |    26 |    53 |   119 |    52 ||   284
Block: Buckler           |    21 |    32 |    42 |   102 |    54 ||   251

Table legend: (Time is in decaauts)
 A = Elapsed time spent in this place.
 B = Non-inter-level travel time spent in this place.
 C = Inter-level travel time spent in this place.
 D = Time resting spent in this place.
 E = Time spent auto-exploring this place.
 F = Levels seen in this place.
 G = Mean time per level.
                   A        B        C        D        E       F      G
               +--------+--------+--------+--------+--------+-----+--------+
         Total |  18033 |  17647 |    386 |   4666 |   9415 |  18 | 1001.8 |
       Dungeon |  12121 |  11846 |    275 |   3462 |   5956 |  10 | 1212.1 |
        Temple |     35 |     35 |      0 |      0 |      3 |   1 |   35.0 |
          Lair |   4397 |   4286 |    111 |    248 |   3239 |   5 |  879.4 |
         Sewer |    498 |    498 |      0 |    130 |    204 |   1 |  498.0 |
      Gauntlet |    980 |    980 |      0 |    826 |     12 |   1 |  980.0 |
               +--------+--------+--------+--------+--------+-----+--------+

Top non-repeatable levels by time:
     D:9: 3467 daAuts
  Lair:3: 1321 daAuts
     D:8: 1301 daAuts
     D:5: 1159 daAuts
     D:7: 1140 daAuts
  Lair:2: 1107 daAuts
  Lair:4: 1034 daAuts
Gauntlet: 980 daAuts
     D:6: 977 daAuts
     D:3: 943 daAuts
     D:1: 934 daAuts
     D:4: 817 daAuts
  Lair:1: 808 daAuts
     D:2: 704 daAuts
    D:10: 675 daAuts
